 Dungeon Crawl Stone Soup version 0.23-a0-650-ga4d50d4 (webtiles) character file.

55 Azzok the Firebug (level 3, 0/24 HPs)
             Began as a Demonspawn Fire Elementalist on Jan 5, 2019.
             Succumbed to a worker ant's poison
             ... on level 3 of the Dungeon.
             The game lasted 00:02:54 (2007 turns).

Azzok the Firebug (Demonspawn Fire Elementalist)    Turns: 2007, Time: 00:02:54

Health: 0/24       AC:  2    Str:  8    XL:     3   Next: 67%
Magic:  0/7        EV: 14    Int: 17    God:
Gold:   105        SH:  0    Dex: 13    Spells: 3/7 levels left

rFire    . . .     SeeInvis +   l - +0 short sword (freeze)
rCold    . . .     Gourm    +   (no shield)
rNeg     . . .     Faith    .   a - +0 robe
rPois    .         Spirit   .   (no helmet)
rElec    .         Reflect  .   (no cloak)
rCorr    .         Harm     .   (no gloves)
MR       .....                  (no boots)
Stlth    ++........             k - amulet of the gourmand
HPRegen  0.08/turn              g - ring of see invisible
MPRegen  0.10/turn              (no ring)

@: lethally poisoned (0 -> -12), very slightly contaminated
A: repulsion field 1
a: no special abilities


You were on level 3 of the Dungeon.
You were full.

You visited 1 branch of the dungeon, and saw 3 of its levels.

You collected 105 gold pieces.

Inventory:

Hand Weapons
 l - a +0 short sword of freezing (weapon)
Armour
 a - a +0 robe (worn)
Jewellery
 g - a ring of see invisible (left hand)
 k - an amulet of the gourmand (around neck)
Scrolls
 d - a scroll of random uselessness {unknown}
 e - 2 scrolls of identify {unknown}
 f - a scroll of amnesia {unknown}
 i - a scroll of magic mapping {unknown}
 j - a scroll of teleportation {unknown}
 n - a scroll of fear {unknown}
Potions
 b - a potion of ambrosia {unknown}
 h - 2 potions of curing {unknown}
 m - a potion of agility {unknown}
 o - a potion of lignification {unknown}
Comestibles
 c - 2 rations


   Skills:
 - Level 1.7 Dodging
 - Level 1.7 Stealth
 + Level 2.7 Spellcasting
 + Level 2.2 Conjurations
 + Level 3.2 Fire Magic


You had 3 spell levels left.
You knew the following spells:

 Your Spells              Type           Power        Failure   Level  Hunger
a - Flame Tongue          Conj/Fire      ##...        6%          1    #......
b - Conjure Flame         Conj/Fire      ##......     17%         3    ###....

Your spell library contained the following spells:

 Spells                   Type           Power        Failure   Level  Hunger
 Throw Flame              Conj/Fire      ##....       9%          2    ##.....
 Animate Skeleton         Necr           N/A          19%         1    #......
 Apportation              Tloc           #.....       19%         1    #......
 Confusing Touch          Hex            #.....       19%         1    #......
 Summon Small Mammal      Summ           #...         19%         1    #......
 Inner Flame              Hex/Fire       #.......     28%         3    ###....
 Sticky Flame             Conj/Fire      ##......     50%         4    #####..
 Fireball                 Conj/Fire      ##........   85%         5    ######.


Dungeon Overview and Level Annotations

Branches:
Dungeon (3/15)

Altars:
Cheibriados
Kikubaaqudgha
Makhleb
Okawaru

Annotations:
D:2 Sigmund


Innate Abilities, Weirdness & Mutations

You are surrounded by a mild repulsion field. (EV +2)


Message History

* * * LOW MAGIC WARNING * * *;
* * * LOW HITPOINT WARNING * * *
You feel sick.
The worker ant bites you but does no damage.
The worker ant completely misses you.
Casting: Flame Tongue (safe; 6% risk of failure)
Confirm with . or Enter, or press ? or * to list all spells.
Aiming: Flame Tongue (safe; 6% risk of failure)
Press: ? - help, Shift-Dir - straight line, f/p - worker ant
Aim: a worker ant (heavily wounded)
You miscast Flame Tongue.
You are very lightly contaminated with residual magic.
Nothing appears to happen.
* * * LOW MAGIC WARNING * * *;
* * * LOW HITPOINT WARNING * * *
You feel sick. The worker ant misses you.
Casting: Flame Tongue (safe; 6% risk of failure)
Confirm with . or Enter, or press ? or * to list all spells.
You don't have enough magic to cast that spell.
You hit the worker ant but do no damage.
The worker ant is heavily wounded.
You die...

▒▒▒ ··▒ ▒·▒
▒a▒ ▒·▒@▒
···▒·▒·▒▒▒▒▒▒
▒·········▒
▒····▒▒·▒·▒
·······▒▒·▒·▒
%·▒▒·▒·····▒·▒
· ▒·▒·····▒·▒
▒·▒··▒▒·▒·▒
▒·······)·▒


You could see a worker ant.

Vanquished Creatures
  An adder (D:2)
  A worm (D:2)
  5 orcs (D:3)
  4 bats (D:1)
  2 giant cockroaches
  4 goblins
  5 hobgoblins
  5 kobolds
  A quokka (D:2)
  A frilled lizard (D:2)
  7 rats
36 creatures vanquished.

Notes
Turn   | Place    | Note
-------+----------+-------------------------------------------
     0 | D:1      | Azzok the Demonspawn Fire Elementalist began the quest for
                  | the Orb.
     0 | D:1      | Reached XP level 1. HP: 13/13 MP: 3/3
   330 | D:1      | Gained mutation: You are surrounded by a mild repulsion
                  | field. (EV +2) [demonic ancestry]
   330 | D:1      | Reached XP level 2. HP: 19/19 MP: 3/5
   619 | D:1      | Reached skill level 3 in Fire Magic
  1451 | D:2      | Reached XP level 3. HP: 22/24 MP: 2/6
  1493 | D:2      | Found a burning altar of Makhleb.
  1597 | D:2      | Found an iron altar of Okawaru.
  1597 | D:2      | Found a snail-covered altar of Cheibriados.
  1598 | D:2      | Found an ancient bone altar of Kikubaaqudgha.
  1734 | D:2      | Noticed Sigmund
  1868 | D:3      | Learned a level 3 spell: Conjure Flame
  2006 | D:3      | HP: 1/24 [poisoned by a worker ant]
  2007 | D:3      | Succumbed to a worker ant's poison

Vault maps used:
D:1:      minmay_arrival_shattered_statue
D:2:      gammafunk_temple_overflow_claw, bloody_makhleb, first_ration,
          minmay_misc_feat_encased, uniq_sigmund
D:3:      lemuel_coloured_pillars_altar, minmay_misc_feat_plants, moated_statue

Skill      XL: |  1  2  3 |
---------------+----------+-----
Fire Magic     | 3 |  3.2
Conjurations   | 2 |  2.2
Dodging        | |  1.7
Stealth        | |  1.7
Spellcasting   | |  2.7

Action                   || total
-------------------------++-------
Melee: Unarmed           ||     2
       Short sword       ||    40
 Cast: Flame Tongue      ||    51
 Stab: Sleeping          ||     1
  Eat: Chunk             ||    11
Armor: Robe              ||     9
Dodge: Dodged            ||    43

Table legend:
 A = Non-vault XP
 B = Vault XP
 C = Vault XP percentage of total XP
 D = Non-vault monster count
 E = Vault monster count
 F = Vault count percentage of total count
                 A         B        C        D         E       F
            +---------+---------+-------+---------+---------+-------
      Total |      79 |       0 |   0.0 |      36 |       0 |   0.0
            +---------+---------+-------+---------+---------+-------
        D:1 |      28 |       0 |   0.0 |      18 |       0 |   0.0
        D:2 |      33 |       0 |   0.0 |      11 |       0 |   0.0
        D:3 |      18 |       0 |   0.0 |       7 |       0 |   0.0
            +---------+---------+-------+---------+---------+-------
